 Dungeon Crawl Stone Soup version 0.31.0-11-ge490571c62 (webtiles) character file.

Game seed: 11284398965159910618

172 qw the Shooter (level 5, -8/26 HPs)
             Began as a Spriggan Hunter on Feb 4, 2024.
             Mangled by a gnoll
             ... wielding a +0 flail
              (11 damage)
             ... on level 4 of the Dungeon.
             The game lasted 00:00:07 (2631 turns).

qw the Shooter (Spriggan Hunter)                    Turns: 2631, Time: 00:00:08

Health: -8/26      AC:  2    Str:  7    XL:     5   Next: 27%
Magic:  6/6        EV: 20    Int: 10    God:
Gold:   112        SH:  0    Dex: 21    Spells: 4/4 levels left

rFire   . . .        a - +0 shortbow (heavy)
rCold   . . .        (shield currently unavailable)
rNeg    . . .        c - +0 robe
rPois   .            (helmet restricted)
rElec   .            (no cloak)
rCorr   .            (gloves unavailable)
SInv    +            (boots unavailable)
Will    .....        (no amulet)
Stlth   ++           (no ring)
HPRegen 0.24/turn    (no ring)
MPRegen 0.10/turn

%: no passive effects
@: very quick
A: very small, no large weapons, unfitting armour, see invisible, speed 3
a: no special abilities


You were on level 4 of the Dungeon.
You visited 1 branch of the dungeon, and saw 4 of its levels.

You collected 129 gold pieces.
You spent 17 gold pieces at shops.


Innate Abilities, Weirdness & Mutations

You are very small and have problems with some larger weapons.
You are too small for most types of armour.
You have supernaturally acute eyesight. (SInv)
You cover ground extremely quickly. (Speed+++)


   Skills:
 - Level 2.2 Fighting
 + Level 5.4 Ranged Weapons
 - Level 5.0 Dodging
 - Level 1.5 Stealth


You had 4 spell levels left.
You didn't know any spells.
Your spell library was empty.

Inventory:

Hand Weapons
 a - a +0 heavy shortbow (weapon)
Armour
 c - a +0 robe (worn)
Scrolls
 i - 2 scrolls of enchant armour
Potions
 b - a potion of cancellation
 f - a potion of lignification {unknown}
 g - a potion of curing
 h - a potion of degeneration {unknown}

Dungeon Overview and Level Annotations

Branches:
Dungeon (4/15)
 Temple: D:4-7

Altars:
Ru

Shops:
D:2 *   D:3 (


Message History

The giant cockroach is lightly wounded.
A gnoll comes into view. It is wielding a +0 spear.
You shoot an arrow. The gnoll shouts!
The arrow hits the giant cockroach.
You kill the giant cockroach!
You shoot an arrow.
The arrow hits the gnoll but does no damage.
The gnoll misses you.
You shoot an arrow. The arrow hits the gnoll.
The gnoll is moderately wounded.
The gnoll misses you.
You shoot an arrow. The arrow barely misses the gnoll.
The arrow hits the gnoll!
The gnoll is heavily wounded.
The gnoll completely misses you.
The gnoll hits you from afar with a +0 spear!
You shoot an arrow. The arrow closely misses the gnoll.
The gnoll hits you with a +0 whip of electrocution.
The gnoll completely misses you.
You shoot an arrow. The arrow hits the gnoll.
The gnoll is moderately wounded.
The gnoll misses you. The gnoll barely misses you. The gnoll misses you.
The gnoll hits you with a +0 flail! The gnoll misses you.
You shoot an arrow. The arrow barely misses the gnoll.
The gnoll barely misses you. The gnoll completely misses you.
The gnoll barely misses you. The gnoll misses you.
The gnoll hits you with a +0 flail. The gnoll completely misses you.
You shoot an arrow. The arrow hits the gnoll.
The gnoll is heavily wounded.
The gnoll misses you. x2; The gnoll barely misses you.
The gnoll completely misses you. The gnoll misses you. x2
You shoot an arrow. The arrow closely misses the gnoll.
The gnoll completely misses you. x3
You shoot an arrow. The arrow hits the gnoll!
You kill the gnoll!
The gnoll closely misses you. The gnoll misses you.
The gnoll barely misses you. The gnoll closely misses you.
You shoot an arrow. The arrow completely misses the gnoll.
The gnoll hits you with a +0 flail!
You die...

#..#
#..######
##..# ####
#..## ##..#
#...# ##...#
#...##
##....##
#.@g...#
#..)%....#
#?...g..>.#
#.........>#
..).........
##.....).....
...........
##..........


You could see 2 gnolls.

Vanquished Creatures
  An iguana (D:3)
  2 gnolls (D:4)
  6 adders
  2 dart slugs
  4 ribbon worms
  8 endoplasms
  A giant cockroach (D:4)
  3 hobgoblins
  5 jackals
  A quokka (D:3)
  5 ball pythons
  9 bats
  4 frilled lizards
  6 goblins
  3 kobolds
  4 rats
64 creatures vanquished.

Notes
Turn   | Place    | Note
-------+----------+-------------------------------------------
     0 | D:1      | qw the Spriggan Hunter began the quest for the Orb.
     0 | D:1      | Reached XP level 1. HP: 10/10 MP: 2/2
     0 | D:1      | 0 ||| qw: Version: 0.3-a-160-g6735b56
     0 | D:1      | 0 ||| qw: Game counter: 5146
     0 | D:1      | 0 ||| qw: Melee chars always use a shield: true
     0 | D:1      | 0 ||| qw: God list: Okawaru
     0 | D:1      | 0 ||| qw: Allow faded altars: false
     0 | D:1      | 0 ||| qw: Do Orc after clearing Dungeon:15 true
     0 | D:1      | 0 ||| qw: Do second Lair branch before Depths: true
     0 | D:1      | 0 ||| qw: Lair rune preference: random
     0 | D:1      | 0 ||| qw: Goals: Normal
     0 | D:1      | 0 ||| PLANNING D:1-11
   124 | D:1      | Reached skill level 3 in Dodging
   208 | D:1      | Reached XP level 2. HP: 14/14 MP: 3/3
   882 | D:1      | 882 ||| READING scroll labelled PETHRA CIMNOH.
   882 | D:1      | 882 ||| ENCHANTING +0 shortbow.
   883 | D:1      | 883 ||| READING 2 scrolls labelled JAMNOS TIH.
   883 | D:1      | 883 ||| BRANDING +0 shortbow.
   884 | D:1      | 884 ||| READING scroll of brand weapon.
   884 | D:1      | 884 ||| BRANDING +0 shortbow of flaming.
   885 | D:1      | 885 ||| READING scroll labelled ETOHAI PIYSALO.
   886 | D:1      | 886 ||| READING scroll labelled IMIUTZ BEOKUA.
   887 | D:1      | 887 ||| READING scroll labelled JISHRA GORIJO.
   887 | D:1      | 887 ||| IDENTIFYING bubbling emerald potion
   888 | D:1      | 888 ||| DROPPING scroll of butterflies.
   889 | D:1      | 889 ||| DROPPING potion of berserk rage.
   968 | D:2      | Found Sukk's Assorted Antiques.
   975 | D:2      | 975 ||| SHOPLISTING lumpy fluorescent amulet (95 gold, have
                  | 23).
   975 | D:2      | 975 ||| BUYING pink potion (17 gold).
   975 | D:2      | Bought a pink potion for 17 gold pieces
   975 | D:2      | 975 ||| SHOPLISTING pink potion (17 gold, have 6).
   975 | D:2      | 975 ||| SHOPLISTING scroll labelled GOKLAUB YLACES (19
                  | gold, have 6).
   975 | D:2      | 975 ||| SHOPLISTING scroll labelled UMIDOT SIBUA (19 gold,
                  | have 6).
   975 | D:2      | 975 ||| SHOPLISTING scroll of identify (38 gold, have 6).
   975 | D:2      | 975 ||| SHOPLISTING sedimented amethyst potion (17 gold,
                  | have 6).
  1020 | D:2      | Reached XP level 3. HP: 18/18 MP: 4/4
  1145 | D:2      | 1145 ||| DROPPING +0 antimagic sling.
  1486 | D:2      | Reached XP level 4. HP: 22/22 MP: 5/5
  1607 | D:2      | 1607 ||| READING scroll labelled UMIDOT SIBUA.
  1610 | D:2      | 1610 ||| DRINKING 3 fuming orange potions.
  1611 | D:2      | 1611 ||| DRINKING 2 emerald potions.
  1612 | D:2      | 1612 ||| DRINKING 2 viscous golden potions.
  1613 | D:2      | 1613 ||| DROPPING 2 potions of attraction.
  1614 | D:2      | 1614 ||| DROPPING potion of brilliance.
  1781 | D:3      | Found a sacrificial altar of Ru.
  2074 | D:3      | Found Byxocach's Antique Weapon Boutique.
  2078 | D:3      | 2078 ||| SHOPLISTING runed sling (121 gold, have 99).
  2146 | D:3      | Reached XP level 5. HP: 26/26 MP: 6/6
  2517 | D:3      | 2517 ||| READING scroll of identify.
  2517 | D:3      | 2517 ||| IDENTIFYING pink potion
  2518 | D:3      | 2518 ||| READING scroll labelled VUYTEL SUCOWI.
  2519 | D:3      | 2519 ||| READING scroll labelled BYUHEUN OMAIWEI.
  2626 | D:4      | HP: 5/26 [gnoll/+0 flail (8)]
  2627 | D:4      | HP: 1/26 [gnoll/+0 flail (4)]
  2631 | D:4      | Mangled by a gnoll

Levels and vault maps discovered:
D:1:      dpeg_arrival_rooms_c, layout_loops_corners, minmay_3d_cube
D:2:      layout_basic, serial_shops, shop, minmay_octomino_e4
D:3:      layout_basic, nicolae_ru_sacrificial_ziggurat, serial_shops,
          nicolae_shop_back_alley_shop, grunt_decor_resistance, minivault_4,
          serial_park_tiny_pond
D:4:      layout_cave_pods, nicolae_gozag_cash_rules_everything_around_me,
          minmay_manual_mess

Skill      XL: |  1  2  3  4 |
---------------+-------------+-----
Dodging        | 3 4 5 |  5.0
Ranged Weapons | 5 |  5.4
Fighting       | 2 |  2.2
Stealth        | |  1.5

Action                     |  1- 3 |  4- 6 || total
---------------------------+-------+-------++-------
   Fire: Shortbow          |   105 |    62 ||   167
    Use: Scroll            |     6 |     4 ||    10
         Potion            |       |     3 ||     3
 Armour: Robe              |     9 |    12 ||    21
  Dodge: Dodged            |    37 |    68 ||   105

Table legend:
 A = Non-vault XP
 B = Vault XP
 C = Vault XP percentage of total XP
 D = Non-vault monster count
 E = Vault monster count
 F = Vault count percentage of total count
                 A         B        C        D         E       F
            +---------+---------+-------+---------+---------+-------
      Total |     234 |      12 |   4.9 |      60 |       4 |   6.2
            +---------+---------+-------+---------+---------+-------
        D:1 |      24 |       2 |   7.7 |      16 |       1 |   5.9
        D:2 |      72 |      10 |  12.2 |      23 |       3 |  11.5
        D:3 |     107 |       0 |   0.0 |      18 |       0 |   0.0
        D:4 |      31 |       0 |   0.0 |       3 |       0 |   0.0
            +---------+---------+-------+---------+---------+-------
